AoeStats
← Gericault667

Black Forest

510361157Analyzed
4v4 RM · 17h ago on Sep 30, 2026· 44m 33s· 8 players
Game mode
Random Map
Map size
Large (8 player)
Population
200
Speed
Normal
Resources
Standard
Victory
Conquest
Starting age
Dark Age
Ending age
Imperial Age
RankedLock teamsTeams togetherTeam positionsShared explorationLock speedFull tech treeHidden civsTurbo modeCheats
Victory
Defeat
🇨🇦 Britons · Canada
1431
+14
🇧🇷 Celts · Brazil
1422
+14
🇬🇧 Saxons · United Kingdom
1396
+15
🇺🇸 Bohemians · United States
1328
+18
🇧🇩 Lithuanians · Bangladesh
1400
-16
🇫🇷 Vietnamese · France
1383
-15
🇹🇼 Japanese · Taiwan
1368
-15
🇧🇬 Mongols · Bulgaria
1368
-15
No_English
11:02 Feudal Age
14:43 Castle Age
13:00 Double-Bit Axe
13:08 Horse Collar
17:07 Bow Saw
17:24 Heavy Plow
20:08 Town Watch
21:01 Wheelbarrow
21:58 Loom
22:17 Stone Mining
22:49 Gold Mining
23:42 Hand Cart
28:57 Imperial Age
26:36 Fletching
26:53 Scale Mail Armor
27:11 Caravan
28:06 Forging
28:21 Ballistics
28:08 Yasama
27:56 Town Watch
28:43 Bodkin Arrow
28:58 Murder Holes
28:44 Treadmill Crane
28:58 Guard Tower
29:26 Chain Mail Armor
28:34 Pikeman
29:00 Gambesons
29:17 Squires
29:36 Onager
30:15 Arrowslits
32:03 Keep
31:52 Kataparuto
32:41 Conscription
33:24 Two-Man Saw
32:27 Bracer
33:21 Elite Samurai
35:17 Chemistry
34:23 Siege Engineers
35:43 Plate Mail Armor
35:03 Elite Skirmisher
36:36 Iron Casting
35:55 Imperial Skirmisher
36:46 Padded Archer Armor
37:22 Thumb Ring
39:09 Blast Furnace
39:58 Leather Archer Armor
41:46 Ring Archer Armor
41:19 Treadmill Crane
Gericault667
10:40 Feudal Age
13:50 Wheelbarrow
13:42 Loom
16:04 Castle Age
15:08 Double-Bit Axe
15:08 Horse Collar
17:26 Hand Cart
17:31 Bow Saw
17:35 Heavy Plow
17:42 Loom
22:47 Gold Mining
23:07 Stone Mining
28:26 Imperial Age
26:25 Forging
26:16 Scale Mail Armor
26:04 Treadmill Crane
26:36 Masonry
26:20 Town Watch
27:33 Stone Shaft Mining
27:53 Ballistics
27:30 Murder Holes
28:16 Iron Casting
27:52 Squires
27:38 Arson
28:42 Elite Fire Lancer
30:36 Chemistry
29:56 Chain Mail Armor
29:33 Fletching
30:54 Two-Man Saw
30:27 Crop Rotation
32:55 Paper Money
33:30 Siege Engineers
38:06 Guilds
38:27 Coinage
37:59 Caravan
44:16 Hoardings
SirDidko
1:18 Loom
11:24 Feudal Age
14:35 Double-Bit Axe
19:36 Castle Age
17:45 Stone Mining
18:11 Fishing Lines
21:45 Fletching
22:40 Bodkin Arrow
23:40 Bow Saw
30:07 Imperial Age
28:51 Ballistics
30:09 Onager
30:51 Horse Collar
34:00 Wheelbarrow
33:11 Town Watch
33:47 Heavy Plow
36:00 Conscription
35:42 Bracer
36:33 Stone Shaft Mining
35:52 Gold Mining
36:30 Siege Onager
38:21 Siege Engineers
38:37 Husbandry
38:47 Bloodlines
39:35 Hand Cart
39:22 Town Patrol
40:02 Gold Shaft Mining
40:39 Elite Mangudai
CumansCumin
10:21 Feudal Age
14:50 Castle Age
13:06 Double-Bit Axe
13:50 Horse Collar
16:21 Bow Saw
16:15 Heavy Plow
16:28 Loom
21:44 Gold Mining
21:44 Stone Mining
22:11 Fervor
28:20 Imperial Age
26:29 Wheelbarrow
26:15 Scale Barding Armor
26:20 Forging
26:51 Forging
28:02 Chain Barding Armor
28:29 Bloodlines
28:20 Husbandry
28:54 Hand Cart
28:24 Town Watch
28:35 Cavalier
29:52 Plate Barding Armor
29:52 Iron Casting
30:18 Two-Man Saw
29:55 Crop Rotation
30:16 Conscription
31:27 Paladin
34:12 Treadmill Crane
34:27 Murder Holes
34:42 Fortified Wall
34:43 Masonry
34:54 Ballistics
38:48 Coinage
38:18 Caravan
39:24 Stone Shaft Mining
43:08 Banking
42:49 Guilds
DUDA
5:08 Loom
12:15 Feudal Age
13:47 Double-Bit Axe
16:39 Castle Age
15:40 Fishing Lines
17:48 Bow Saw
21:10 Wheelbarrow
21:53 Horse Collar
23:28 Heavy Plow
24:28 Gillnets
25:33 Hand Cart
29:54 Imperial Age
28:05 Scale Mail Armor
28:16 Forging
29:33 Wagenburg Tactics
29:53 Chain Mail Armor
30:13 Iron Casting
30:43 Chemistry
30:48 Ballistics
30:39 Masonry
31:27 Plate Mail Armor
31:26 Conscription
30:31 Pikeman
31:11 Squires
30:55 Houfnice
33:57 Elite Hussite Wagon
37:15 Caravan
docsparkles
0:58 Loom
11:21 Feudal Age
15:46 Castle Age
14:16 Double-Bit Axe
14:48 Horse Collar
16:53 Bow Saw
20:52 Wheelbarrow
22:54 Town Watch
30:41 Imperial Age
28:42 Hand Cart
28:51 Scale Mail Armor
29:01 Forging
28:14 Pikeman
30:11 Caravan
30:25 Squires
30:42 Gambesons
31:17 Chain Mail Armor
31:38 Iron Casting
30:54 Fletching
31:46 Fortified Wall
31:48 Heavy Plow
31:12 Shield Wall
32:13 Conscription
32:07 Guard Tower
33:18 Chemistry
32:34 Halberdier
34:40 Ballistics
36:26 Plate Mail Armor
35:51 Bodkin Arrow
36:41 Crop Rotation
37:25 Siege Engineers
37:31 Masonry
37:59 Keep
37:15 Arrowslits
37:41 Masonry
38:02 Arson
38:36 Bracer
38:38 Murder Holes
38:49 Siege Engineers
38:28 Treadmill Crane
41:21 Padded Archer Armor
40:48 Elite Varangian Guard
42:43 Capped Ram
HilkZ
0:36 Loom
11:38 Feudal Age
16:12 Castle Age
14:09 Double-Bit Axe
14:48 Horse Collar
17:15 Wheelbarrow
17:42 Bow Saw
21:10 Fletching
22:22 Bodkin Arrow
23:22 Heavy Plow
24:07 Gold Mining
24:42 Padded Archer Armor
25:45 Gold Shaft Mining
29:40 Imperial Age
28:09 Hand Cart
27:40 Town Watch
30:28 Leather Archer Armor
30:46 Bracer
31:56 Conscription
32:55 Chemistry
32:37 Elite Longbowman
35:00 Ring Archer Armor
36:47 Siege Engineers
38:02 Forging
37:52 Scale Mail Armor
39:40 Two-Man Saw
39:16 Warwolf
40:59 Pikeman
41:39 Squires
41:25 Gambesons
42:25 Masonry
42:38 Ballistics
42:42 Chain Mail Armor
43:02 Iron Casting
44:03 Caravan
[ GG ] SHAKA
1:39 Loom
2:00 Loom
10:49 Feudal Age
11:30 Double-Bit Axe
15:41 Fishing Lines
18:58 Castle Age
18:06 Horse Collar
20:06 Bow Saw
22:46 Heavy Plow
25:34 Gold Mining
30:16 Imperial Age
27:46 Stone Mining
30:07 Stone Shaft Mining
30:10 Gold Shaft Mining
30:43 Wheelbarrow
30:57 Forging
30:47 Scale Mail Armor
30:38 Onager
33:08 Chemistry
32:02 Heavy Scorpion
33:28 Hand Cart
32:58 Town Watch
34:01 Iron Casting
33:41 Chain Mail Armor
34:47 Siege Onager
36:56 Furor Celtica
38:11 Blast Furnace
37:41 Plate Mail Armor
36:33 Pikeman
36:59 Arson
38:12 Plate Mail Armor
37:29 Gambesons
38:49 Conscription
39:05 Hoardings
38:06 Halberdier
38:57 Stronghold
40:42 Elite Woad Raider
Connection lost

Rejoining the realm…

Still unreachable

The connection could not be restored.

Session expired

The server has moved on; the page needs a fresh start.